 Dungeon Crawl Stone Soup version 0.29.1-2-gbd0b4ee654 (webtiles) character file.

Game seed: 5285496427613519149

408 kingsuperguy the Poker (level 6, -1/56 HPs)
             Began as a Minotaur Berserker on Nov 16, 2022.
             Was a Believer of Trog.
             Killed by nerve-wracking pain
             ... invoked by Menkaure
              (7 damage)
             ... on level 4 of the Dungeon.
             The game lasted 00:09:23 (3862 turns).

kingsuperguy the Poker (Minotaur Berserker)         Turns: 3862, Time: 00:09:24

Health: -1/56      AC:  6    Str: 23    XL:     6   Next: 57%
Magic:  5/5        EV: 12    Int:  4    God:    Trog [**....]
Gold:   250        SH:  0    Dex: 10    Spells: 5/5 levels left

rFire   . . .      SeeInvis .   w - +1 bardiche (vamp)
rCold   . . .      Faith    .   (shield currently unavailable)
rNeg    . . .      Spirit   .   v - +0 leather armour
rPois   .          Reflect  .   (helmet restricted)
rElec   .          Harm     .   (no cloak)
rCorr   .          Rampage  .   u - +1 pair of gloves
Will    .....                   (no boots)
Stlth   +.........              (no amulet)
HPRegen 0.18/turn               (no ring)
MPRegen 0.09/turn               (no ring)

@: no status effects
A: horns 2, retaliatory headbutt, shaggy fur 1
a: Renounce Religion, Berserk, Trog's Hand


You were on level 4 of the Dungeon.
You worshipped Trog.
Trog was pleased with you.
You visited 1 branch of the dungeon, and saw 4 of its levels.
You also visited: Sewer.

You collected 250 gold pieces.

Inventory:

Hand Weapons
 j - a +2 dagger of venom
 q - a +3 vorpal spear
 r - the +5 war axe of Efuskaif {flame, rPois Str+6 Int+3}
   (You found it on level 2 of the Dungeon)

   It burns those it strikes, dealing additional fire damage.
   Big, fiery blades are also staple armaments of hydra-hunters.
   Str:       It affects your strength (+6).
   Int:       It affects your intelligence (+3).
   rPois:     It protects you from poison.
 w - a +1 vampiric bardiche (weapon)
Missiles
 f - a throwing net (quivered)
 i - 11 poisoned darts
 p - 25 stones
 D - 4 boomerangs
Armour
 b - a +0 animal skin
 u - a +1 pair of gloves (worn)
 v - a +0 leather armour (worn)
 x - a +0 cloak
 E - a +0 kite shield
Jewellery
 y - a +6 ring of intelligence
Wands
 n - a wand of polymorph (10)
 t - a wand of flame (36)
Scrolls
 d - 2 scrolls of noise {unknown}
 e - 2 scrolls of immolation {unknown}
 m - 4 scrolls of identify {unknown}
 s - a scroll of vulnerability {unknown}
 B - a scroll of teleportation {unknown}
Potions
 a - a potion of curing
 c - a potion of invisibility {unknown}
 g - a potion of mutation
 h - a potion of resistance {unknown}
 k - a potion of attraction {unknown}
 l - a potion of flight {unknown}
 o - a potion of heal wounds {unknown}
 z - a potion of berserk rage
 A - a potion of ambrosia {unknown}
 C - a potion of cancellation {unknown}


   Skills:
 + Level 5.3 Fighting
 - Level 2.5(4.3) Axes
 * Level 5.4(5.7) Polearms
 * Level 3.3 Armour
 + Level 4.0 Dodging
 + Level 1.6 Stealth


You had 5 spell levels left.
You didn't know any spells.
Your spell library was empty.

Dungeon Overview and Level Annotations

Branches:
Dungeon (4/15)              Sewer (visited)
 Temple: D:4-7

Altars:
Xom

Portals:
Ossuary: D:4

Annotations:
D:4 Eustachio, Ijyb, Menkaure


Innate Abilities, Weirdness & Mutations

You have a pair of horns on your head.
You reflexively headbutt those who attack you in melee.
You are covered in fur. (AC +1)


Message History

a +2 quarterstaff of chaos; a +0 cloak; the gnoll corpse of Crazy Yiuf Done exploring.
There is an open translucent door, spattered with blood here.
Things that are here:
a +2 quarterstaff of chaos; a +0 cloak; the gnoll corpse of Crazy Yiuf
There is a stone staircase leading down here.
You climb downwards.
You hear the hiss of flowing sand.
There is an entrance to an ossuary on this level.
Hurry and find it before the portal is buried!
Found a kite shield, 9 gold pieces, 2 poisoned darts and 6 stones.
Found two stone staircases leading up.
There is a stone staircase leading up here.
Ijyb the Twisted Goblin comes into view.
She is wielding a +0 dagger and carrying a wand of flame (21).
You see here a +0 kite shield.
E - a +0 kite shield Menkaure and Eustachio come into view.
Eustachio is wielding a +1 rapier of venom.
Found a scroll labelled LORUS OXTANNU.
Menkaure shouts!
Menkaure gestures wildly while chanting.
Menkaure seems to speed up.
Found a scroll labelled ETTETS GYMEU and a leather armour.
Found a sand-covered staircase.
Menkaure gestures at you while chanting.
Pain shoots through your body!
Menkaure calls on the powers of darkness!
Your body is wracked with pain!
Menkaure calls on the powers of darkness!
Eustachio convulses!
Your body is wracked with pain!
* * * LOW HITPOINT WARNING * * *
There is an empty arch of ancient stone here.
Menkaure calls on the powers of darkness!
Eustachio convulses!
Your body is wracked with pain!
* * * LOW HITPOINT WARNING * * *
Menkaure calls on the powers of darkness!
Your body is wracked with pain!
* * * LOW HITPOINT WARNING * * *
Menkaure points at you and mumbles some strange words.
Pain shoots through your body!
You die...

####### ##.....## ....
#8..∩..8# ..(. #..@..#
...<. ###.### ..... #.#
......#########∩#######
......#............??..
................M......
.g...##....<...........
... #<###........##.. .
#................


You could see Menkaure (fast).

Vanquished Creatures
  A water moccasin (Sewer)
  Crazy Yiuf (D:3)
  Jessica (D:3)
  Natasha (thrice) (D:2)
  6 gnolls (D:2)
  4 adders
  8 orcs (D:3)
  6 giant cockroaches
  4 goblins
  4 hobgoblins
  8 quokkas
  8 ball pythons
  11 bats
  4 frilled lizards
  5 kobolds
  9 rats
83 creatures vanquished.

Vanquished Creatures (others)
  2 fungi (D:3)
2 creatures vanquished.

Grand Total: 85 creatures vanquished

Notes
Turn   | Place    | Note
-------+----------+-------------------------------------------
     0 | D:1      | kingsuperguy the Minotaur Berserker began the quest for the
                  | Orb.
     0 | D:1      | Reached XP level 1. HP: 19/19 MP: 0/0
   330 | D:1      | Reached XP level 2. HP: 27/27 MP: 1/1
  1089 | D:1      | Found a faded altar of an unknown god.
  1373 | D:2      | Reached XP level 3. HP: 14/33 MP: 2/2
  1385 | D:2      | Gained mutation: You are covered in fur. (AC +1) [potion of
                  | mutation]
  1745 | D:2      | Reached XP level 4. HP: 36/41 MP: 3/3
  1869 | D:2      | Noticed Natasha
  1886 | D:2      | Killed Natasha
  2188 | D:2      | Noticed Natasha
  2192 | D:2      | Reached ** piety under Trog
  2195 | D:2      | Killed Natasha
  2196 | D:2      | Reached skill level 1 in Stealth
  2315 | D:2      | Noticed Natasha
  2324 | D:2      | Killed Natasha
  2325 | D:2      | Reached skill level 5 in Polearms
  2325 | D:2      | Reached XP level 5. HP: 46/47 MP: 4/4
  2493 | D:2      | Found a shimmering altar of Xom.
  2949 | D:2      | Identified the +5 war axe of Efuskaif {flame, rPois Str+6
                  | Int+3}
  3251 | D:3      | Reached skill level 5 in Fighting
  3260 | D:3      | Reached skill level 1 in Axes
  3307 | D:3      | Found a glowing drain.
  3318 | Sewer    | Entered a sewer
  3342 | Sewer    | Noticed a water moccasin
  3346 | Sewer    | Killed a water moccasin
  3347 | Sewer    | Reached XP level 6. HP: 56/56 MP: 5/5
  3587 | D:3      | Noticed Jessica
  3590 | D:3      | Killed Jessica
  3730 | D:3      | Found a runed translucent door.
  3731 | D:3      | Noticed Crazy Yiuf
  3736 | D:3      | Killed Crazy Yiuf
  3848 | D:4      | Noticed Ijyb
  3854 | D:4      | Noticed Menkaure
  3854 | D:4      | Noticed Eustachio
  3856 | D:4      | Found a sand-covered staircase.
  3862 | D:4      | Killed from afar by Menkaure

Illustrated notes

Levels and vault maps discovered:
D:1:      reono_arrival_mine, layout_loops_ring, shapermc_ecumenical_altar_venn
D:2:      layout_loops_corners, basic_altar, glass_columns_a, uniq_natasha
D:3:      layout_rooms, portal_sewer_entry_f, uniq_crazy_yiuf_cottage,
          uniq_jessica
D:4:      layout_cave_pools, doesnt_xom_only_xom, chequers_ossuary_entry_cave,
          serial_shops, nicolae_square_shop, kennysheep_mini, uniq_menkaure,
          uniq_ijyb, uniq_eustachio, uniq_pikel

Skill      XL: |  1  2  3  4  5 |
---------------+----------------+-----
Polearms       | 4 5 |  5.4
Fighting       | 4 5 |  5.3
Dodging        | 3 4 |  4.0
Stealth        | 1 |  1.6
Axes           | 2 |  2.5
Armour         | 3 |  3.3

Action                   |  1- 3 |  4- 6 || total
-------------------------+-------+-------++-------
Melee: Spear             |    99 |    58 ||   157
       Headbutt          |    10 |    12 ||    22
       Punch             |     2 |       ||     2
       Unarmed           |       |     3 ||     3
       War axe           |       |    18 ||    18
       Bardiche          |       |    36 ||    36
Invok: Berserk           |     2 |     5 ||     7
       Trog's Hand       |       |     1 ||     1
  Use: Potion            |     2 |       ||     2
 Stab: Sleeping          |     1 |     1 ||     2
       Distracted        |       |     1 ||     1
Armor: Animal skin       |    14 |     9 ||    23
       Leather armour    |       |    12 ||    12
Dodge: Dodged            |    46 |    57 ||   103
